[ AOE2 MATCH · #495380771 ]
UnrankedVietnamese vs Bengalis
Player's team · LOSS
[ REPLAY ANALYSIS · EXTRACTED FROM THE RECORDED GAME ]
Feudal
9:03
Castle
26:44
Imperial
—
| APM avg | 37.6 |
| APM peak | 72 |
| eAPM avg | 16.6 |
| Villagers / military | 56 / 25 |
Focus
⚔️ 35.8% · 🌾 64.2%
Scout Cavalry ×18 · Knight ×6 · Spearman ×1
Feudal
8:51
Castle
21:11
Imperial
—
| APM avg | 81.8 |
| APM peak | 130 |
| eAPM avg | 54.9 |
| Villagers / military | 102 / 71 |
Focus
⚔️ 69.6% · 🌾 30.4%
Archer ×71
Feudal
8:45
Castle
—
Imperial
—
| APM avg | 34.1 |
| APM peak | 63 |
| eAPM avg | 15.3 |
| Villagers / military | 48 / 40 |
Focus
⚔️ 31.0% · 🌾 69.0%
Archer ×39 · Spearman ×1
Feudal
9:19
Castle
21:56
Imperial
—
| APM avg | 48.8 |
| APM peak | 74 |
| eAPM avg | 20.2 |
| Villagers / military | 48 / 35 |
Focus
⚔️ 40.2% · 🌾 59.8%
Knight ×24 · Scout Cavalry ×11
Feudal
9:14
Castle
21:25
Imperial
—
| APM avg | 41.4 |
| APM peak | 82 |
| eAPM avg | 17.5 |
| Villagers / military | 54 / 58 |
Focus
⚔️ 38.8% · 🌾 61.2%
Archer ×58
Feudal
9:42
Castle
25:51
Imperial
—
| APM avg | 37.8 |
| APM peak | 78 |
| eAPM avg | 21.1 |
| Villagers / military | 55 / 27 |
Focus
⚔️ 37.6% · 🌾 62.4%
Scout Cavalry ×16 · Knight ×8 · Spearman ×3
Feudal
9:16
Castle
24:51
Imperial
—
| APM avg | 68.7 |
| APM peak | 116 |
| eAPM avg | 27.2 |
| Villagers / military | 71 / 39 |
Focus
⚔️ 32.9% · 🌾 67.1%
Scout Cavalry ×25 · Knight ×13 · Spearman ×1
Feudal
9:57
Castle
21:26
Imperial
—
| APM avg | 58.5 |
| APM peak | 99 |
| eAPM avg | 24.9 |
| Villagers / military | 42 / 61 |
Focus
⚔️ 41.0% · 🌾 59.0%
Archer ×55 · Militia ×4 · Spearman ×2
Match map
Initial resources + every placement click. Lines = walls · curves = elevation contours. ◆ gold · ⬟ stone · ● berries · ✦ relic · ◌ wall gap
Your base· ✓ Closed at 26:44 · 40t walls · 1 gate(s)
Ux'LobodeLaNieve's base· Open — 7t gap
BCPrattIV's base· Open — unwalled flank
Obuk's base· Open — unwalled flank
Bleys's base· Open — 4t gap
bilalnizamani001's base· ✓ Closed at 25:51 · 46t walls · no gate
DS_Tortafuller's base· ✓ Closed at 24:51 · 56t walls · 1 gate(s)
Ginger lee fondle your meatballs's base· Open — 4t gap
Smoothed initial terrain · ◌ = detected wall gap · hover for details
Inputs per minute
— Puma - - Ux'LobodeLaNieve
Build order — Puma
First 150 of 172 actions detected
| 0:01 | Create | Villager (Male) |
| 0:02 | Build | House |
| 0:04 | Build | House |
| 0:19 | Create | Villager (Male) |
| 0:19 | Create | Villager (Male) |
| 0:22 | Create | Villager (Male) |
| 0:22 | Create | Villager (Male) |
| 1:28 | Create | Villager (Male) |
| 1:28 | Create | Villager (Male) |
| 1:50 | Build | Lumber Camp |
| 2:05 | Create | Villager (Male) |
| 2:05 | Create | Villager (Male) |
| 2:24 | Create | Villager (Male) |
| 2:24 | Create | Villager (Male) |
| 3:02 | Create | Villager (Male) |
| 3:02 | Create | Villager (Male) |
| 3:02 | Create | Villager (Male) |
| 3:29 | Build | House |
| 3:33 | Create | Villager (Male) |
| 3:33 | Create | Villager (Male) |
| 4:14 | Create | Villager (Male) |
| 4:15 | Create | Villager (Male) |
| 4:15 | Create | Villager (Male) |
| 4:33 | Build | Mill |
| 4:57 | Create | Villager (Male) |
| 4:57 | Create | Villager (Male) |
| 4:58 | Create | Villager (Male) |
| 5:39 | Create | Villager (Male) |
| 5:40 | Create | Villager (Male) |
| 5:49 | Research | Loom |
| 6:01 | Build | Mill |
| 6:53 | Research | Feudal Age |
| 6:53 | Research | Feudal Age |
| 7:17 | Build | Lumber Camp |
| 8:17 | Build | House |
| 8:28 | Build | Palisade Wall |
| 8:29 | Build | Palisade Wall |
| 8:31 | Build | Palisade Wall |
| 8:36 | Build | Palisade Wall |
| 8:43 | Build | Barracks |
| 9:03 | Age | Feudal Age |
| 9:04 | Create | Villager (Male) |
| 9:04 | Create | Villager (Male) |
| 9:18 | Research | Double-Bit Axe |
| 9:19 | Research | Double-Bit Axe |
| 9:24 | Research | Horse Collar |
| 9:34 | Build | House |
| 9:37 | Build | Stable |
| 9:43 | Build | House |
| 9:48 | Research | Town Watch |
| 10:29 | Create | Villager (Male) |
| 10:31 | Create | Scout Cavalry |
| 10:31 | Create | Scout Cavalry |
| 10:34 | Build | House |
| 10:36 | Build | Palisade Gate |
| 10:42 | Create | Spearman |
| 10:52 | Create | Villager (Male) |
| 11:06 | Create | Villager (Male) |
| 11:15 | Build | Farm |
| 11:34 | Build | House |
| 11:36 | Create | Scout Cavalry |
| 11:42 | Create | Villager (Male) |
| 11:55 | Build | Palisade Wall |
| 12:01 | Build | Farm |
| 12:02 | Create | Villager (Male) |
| 12:12 | Create | Scout Cavalry |
| 12:20 | Build | House |
| 12:24 | Create | Villager (Male) |
| 12:26 | Build | Farm |
| 12:43 | Create | Villager (Male) |
| 12:46 | Build | Farm |
| 12:47 | Build | Farm |
| 12:56 | Build | House |
| 12:58 | Build | Palisade Wall |
| 13:00 | Build | Palisade Wall |
| 13:07 | Create | Villager (Male) |
| 13:23 | Build | Farm |
| 13:24 | Build | Farm |
| 13:26 | Build | Farm |
| 13:29 | Create | Villager (Male) |
| 14:26 | Create | Villager (Male) |
| 14:28 | Create | Scout Cavalry |
| 15:06 | Create | Villager (Male) |
| 15:11 | Build | Farm |
| 15:11 | Build | Farm |
| 15:11 | Build | Farm |
| 15:11 | Build | Farm |
| 15:12 | Build | Farm |
| 15:12 | Build | Farm |
| 15:16 | Build | Blacksmith |
| 15:18 | Build | House |
| 15:23 | Build | Palisade Wall |
| 15:55 | Create | Scout Cavalry |
| 15:57 | Create | Villager (Male) |
| 16:01 | Build | House |
| 16:02 | Build | House |
| 16:06 | Build | House |
| 16:08 | Create | Villager (Male) |
| 16:10 | Build | Farm |
| 16:17 | Research | Wheelbarrow |
| 16:36 | Create | Scout Cavalry |
| 16:53 | Build | House |
| 16:56 | Build | House |
| 17:02 | Create | Scout Cavalry |
| 17:06 | Build | House |
| 17:08 | Build | House |
| 17:11 | Build | Palisade Wall |
| 17:16 | Build | Mining Camp |
| 17:29 | Research | Scale Barding Armor |
| 17:30 | Create | Scout Cavalry |
| 17:31 | Create | Villager (Male) |
| 17:34 | Build | Farm |
| 17:43 | Build | Palisade Wall |
| 18:03 | Build | Watch Tower |
| 18:20 | Create | Scout Cavalry |
| 18:24 | Create | Villager (Male) |
| 18:24 | Create | Villager (Male) |
| 18:49 | Create | Scout Cavalry |
| 18:52 | Create | Villager (Male) |
| 19:05 | Build | Farm |
| 19:19 | Create | Scout Cavalry |
| 19:24 | Build | Palisade Wall |
| 19:27 | Create | Villager (Male) |
| 19:31 | Research | Forging |
| 19:32 | Research | Forging |
| 19:46 | Create | Scout Cavalry |
| 20:03 | Create | Scout Cavalry |
| 20:11 | Create | Villager (Male) |
| 20:13 | Create | Villager (Male) |
| 20:19 | Research | Bloodlines |
| 20:19 | Research | Bloodlines |
| 20:33 | Create | Villager (Male) |
| 20:49 | Build | Stable |
| 20:50 | Build | House |
| 21:07 | Create | Scout Cavalry |
| 21:08 | Create | Villager (Male) |
| 21:49 | Create | Scout Cavalry |
| 21:58 | Create | Villager (Male) |
| 22:02 | Create | Villager (Male) |
| 22:11 | Create | Scout Cavalry |
| 22:14 | Create | Scout Cavalry |
| 22:27 | Build | Farm |
| 22:28 | Build | Farm |
| 22:33 | Build | Market |
| 22:36 | Create | Villager (Male) |
| 23:07 | Create | Villager (Male) |
| 24:04 | Research | Castle Age |
| 24:04 | Research | Castle Age |
| 24:11 | Research | Gold Mining |
| 24:11 | Research | Gold Mining |
Build order — Ux'LobodeLaNieve
First 150 of 253 actions detected
| 0:02 | Create | Villager (Male) |
| 0:02 | Create | Villager (Male) |
| 0:03 | Build | House |
| 0:04 | Build | House |
| 0:06 | Create | Villager (Male) |
| 0:11 | Create | Villager (Male) |
| 1:26 | Create | Villager (Male) |
| 1:26 | Create | Villager (Male) |
| 1:52 | Create | Villager (Male) |
| 1:52 | Create | Villager (Male) |
| 2:07 | Build | Lumber Camp |
| 2:08 | Create | Villager (Male) |
| 2:49 | Create | Villager (Male) |
| 2:49 | Create | Villager (Male) |
| 3:12 | Create | Villager (Male) |
| 3:47 | Create | Villager (Male) |
| 3:54 | Build | House |
| 4:00 | Create | Villager (Male) |
| 4:10 | Create | Villager (Male) |
| 4:10 | Create | Villager (Male) |
| 4:49 | Build | House |
| 4:58 | Create | Villager (Male) |
| 5:04 | Create | Villager (Male) |
| 5:08 | Create | Villager (Male) |
| 5:13 | Build | Mill |
| 5:33 | Create | Villager (Male) |
| 6:07 | Research | Loom |
| 6:41 | Research | Feudal Age |
| 6:41 | Research | Feudal Age |
| 7:15 | Build | Mining Camp |
| 7:50 | Create | Villager (Male) |
| 7:59 | Create | Villager (Male) |
| 8:04 | Build | Barracks |
| 8:19 | Build | House |
| 8:32 | Create | Villager (Male) |
| 8:51 | Age | Feudal Age |
| 8:59 | Create | Villager (Male) |
| 9:02 | Build | Archery Range |
| 9:06 | Create | Villager (Male) |
| 9:35 | Create | Villager (Male) |
| 9:35 | Create | Villager (Male) |
| 9:45 | Build | Archery Range |
| 9:51 | Build | House |
| 10:08 | Create | Archer |
| 10:11 | Create | Archer |
| 10:11 | Create | Archer |
| 10:16 | Build | House |
| 10:23 | Create | Archer |
| 10:23 | Create | Archer |
| 10:32 | Create | Archer |
| 10:32 | Create | Archer |
| 10:36 | Create | Villager (Male) |
| 10:43 | Create | Villager (Male) |
| 10:43 | Create | Villager (Male) |
| 10:51 | Create | Archer |
| 10:51 | Create | Archer |
| 10:57 | Build | Mill |
| 11:05 | Build | House |
| 11:13 | Create | Villager (Male) |
| 11:13 | Create | Villager (Male) |
| 11:19 | Create | Archer |
| 11:48 | Create | Archer |
| 11:48 | Create | Archer |
| 11:52 | Create | Villager (Male) |
| 11:54 | Build | Blacksmith |
| 12:06 | Create | Villager (Male) |
| 12:06 | Create | Villager (Male) |
| 12:14 | Create | Archer |
| 12:27 | Build | House |
| 12:30 | Build | House |
| 12:38 | Create | Villager (Male) |
| 12:40 | Research | Fletching |
| 12:40 | Research | Fletching |
| 13:00 | Create | Villager (Male) |
| 13:02 | Create | Archer |
| 13:02 | Create | Archer |
| 13:05 | Create | Villager (Male) |
| 13:12 | Create | Villager (Male) |
| 13:12 | Create | Villager (Male) |
| 13:18 | Create | Archer |
| 13:35 | Build | Farm |
| 13:35 | Create | Villager (Male) |
| 13:36 | Build | Farm |
| 13:48 | Create | Archer |
| 13:49 | Create | Archer |
| 14:06 | Create | Archer |
| 14:09 | Create | Villager (Male) |
| 14:11 | Build | Farm |
| 14:13 | Build | Farm |
| 14:33 | Create | Archer ×2 |
| 14:33 | Create | Archer ×2 |
| 14:35 | Create | Villager (Male) |
| 14:39 | Build | House |
| 14:40 | Build | House |
| 14:43 | Build | House |
| 14:47 | Create | Archer |
| 14:47 | Create | Archer |
| 14:57 | Build | Farm |
| 15:11 | Create | Villager (Male) |
| 15:11 | Create | Villager (Male) |
| 15:13 | Build | Farm |
| 15:27 | Build | Farm |
| 15:35 | Create | Villager (Male) |
| 15:35 | Create | Villager (Male) |
| 15:47 | Build | Farm |
| 15:48 | Create | Villager (Male) |
| 15:51 | Build | Palisade Wall |
| 16:01 | Create | Archer |
| 16:01 | Create | Archer |
| 16:04 | Create | Archer |
| 16:05 | Create | Archer |
| 16:10 | Create | Villager (Male) |
| 16:16 | Create | Villager (Male) |
| 17:11 | Build | Market |
| 17:30 | Build | House |
| 17:40 | Create | Archer |
| 17:40 | Create | Archer |
| 17:49 | Create | Villager (Male) |
| 18:31 | Research | Castle Age |
| 18:44 | Create | Archer |
| 18:44 | Create | Archer |
| 18:59 | Create | Archer |
| 19:07 | Build | Lumber Camp |
| 19:10 | Create | Archer |
| 19:19 | Create | Archer |
| 19:32 | Create | Villager (Male) |
| 19:41 | Create | Archer |
| 19:41 | Create | Archer |
| 19:59 | Create | Archer |
| 20:10 | Create | Archer |
| 20:23 | Create | Archer |
| 20:50 | Create | Villager (Male) |
| 20:51 | Build | House |
| 20:52 | Build | House |
| 20:55 | Build | House |
| 20:56 | Research | Double-Bit Axe |
| 20:57 | Research | Horse Collar |
| 20:57 | Research | Horse Collar |
| 20:58 | Research | Gold Mining |
| 20:58 | Research | Gold Mining |
| 21:11 | Age | Castle Age |
| 21:15 | Research | Crossbowman (upgrade) |
| 21:21 | Research | Bodkin Arrow |
| 21:45 | Create | Archer |
| 21:45 | Create | Archer |
| 21:47 | Create | Villager (Male) |
| 21:48 | Create | Villager (Male) |
| 21:50 | Build | University |
| 21:51 | Build | House |
| 21:53 | Build | House |
Build order — BCPrattIV
147 actions detected in the replay
| 0:01 | Create | Villager (Male) |
| 0:02 | Build | House |
| 0:04 | Build | House |
| 0:24 | Create | Villager (Male) |
| 0:27 | Create | Villager (Male) |
| 0:38 | Create | Villager (Male) |
| 1:36 | Create | Villager (Male) |
| 1:48 | Build | Lumber Camp |
| 2:10 | Create | Villager (Male) |
| 2:37 | Create | Villager (Male) |
| 2:59 | Create | Villager (Male) |
| 3:07 | Build | House |
| 3:25 | Create | Villager (Male) |
| 3:41 | Create | Villager (Male) |
| 4:23 | Create | Villager (Male) |
| 4:34 | Create | Villager (Male) |
| 5:12 | Create | Villager (Male) |
| 5:18 | Build | Mining Camp |
| 5:43 | Create | Villager (Male) |
| 5:44 | Research | Loom |
| 6:35 | Research | Feudal Age |
| 7:04 | Build | Palisade Wall |
| 7:06 | Build | Palisade Wall |
| 7:28 | Build | House |
| 8:04 | Build | Barracks |
| 8:24 | Create | Villager (Male) |
| 8:25 | Create | Villager (Male) |
| 8:45 | Age | Feudal Age |
| 9:00 | Build | Archery Range |
| 9:34 | Build | Archery Range |
| 9:36 | Create | Villager (Male) |
| 9:56 | Create | Archer |
| 9:58 | Create | Spearman |
| 10:03 | Create | Villager (Male) |
| 10:12 | Build | House |
| 10:49 | Create | Archer |
| 10:50 | Create | Archer |
| 10:56 | Create | Villager (Male) |
| 11:00 | Build | Outpost |
| 11:06 | Build | Mill |
| 11:14 | Create | Villager (Male) |
| 11:19 | Create | Archer |
| 11:19 | Create | Archer |
| 11:37 | Create | Archer |
| 11:43 | Build | Palisade Wall |
| 12:02 | Create | Villager (Male) |
| 12:08 | Create | Archer |
| 12:08 | Create | Archer |
| 12:17 | Build | House |
| 13:43 | Create | Archer |
| 13:43 | Create | Archer |
| 13:55 | Create | Villager (Male) |
| 14:44 | Build | Watch Tower |
| 14:48 | Create | Archer |
| 15:37 | Build | Farm |
| 15:38 | Build | Farm |
| 15:38 | Build | Farm |
| 15:40 | Create | Archer |
| 15:40 | Create | Archer |
| 15:41 | Create | Archer |
| 15:56 | Build | Watch Tower |
| 16:21 | Create | Archer |
| 16:21 | Create | Archer |
| 16:41 | Create | Villager (Male) |
| 16:46 | Build | Farm |
| 16:57 | Create | Archer |
| 16:57 | Create | Archer |
| 17:14 | Build | Farm |
| 17:15 | Create | Villager (Male) |
| 17:58 | Create | Villager (Male) |
| 18:12 | Create | Archer |
| 18:13 | Create | Archer |
| 18:19 | Build | Farm |
| 18:25 | Create | Archer |
| 18:25 | Create | Archer |
| 18:26 | Create | Villager (Male) |
| 18:51 | Create | Archer |
| 18:52 | Create | Archer |
| 18:56 | Build | House |
| 19:06 | Create | Villager (Male) |
| 19:09 | Build | Farm |
| 19:17 | Create | Archer |
| 19:17 | Create | Archer |
| 19:25 | Create | Villager (Male) |
| 19:34 | Create | Villager (Male) |
| 19:43 | Create | Archer |
| 20:16 | Build | Blacksmith |
| 20:19 | Create | Villager (Male) |
| 20:33 | Build | House |
| 20:35 | Create | Villager (Male) |
| 21:05 | Research | Fletching |
| 21:21 | Create | Villager (Male) |
| 21:23 | Build | House |
| 21:26 | Build | House |
| 21:28 | Build | Palisade Wall |
| 21:31 | Create | Archer |
| 21:31 | Create | Archer |
| 22:00 | Create | Villager (Male) |
| 22:10 | Create | Villager (Male) |
| 22:16 | Create | Archer |
| 22:16 | Create | Archer |
| 22:27 | Build | House |
| 22:30 | Build | Palisade Wall |
| 22:35 | Build | Palisade Wall |
| 22:45 | Build | Palisade Wall |
| 22:46 | Build | Palisade Wall |
| 22:48 | Build | Palisade Wall |
| 22:52 | Build | Palisade Wall |
| 23:00 | Create | Villager (Male) |
| 23:04 | Research | Padded Archer Armor |
| 23:09 | Build | House |
| 23:11 | Create | Archer |
| 23:11 | Create | Archer |
| 23:43 | Create | Villager (Male) |
| 23:44 | Create | Villager (Male) |
| 23:45 | Create | Villager (Male) |
| 23:50 | Build | Farm |
| 23:55 | Build | Farm |
| 24:11 | Create | Archer |
| 24:11 | Create | Archer |
| 24:23 | Build | Farm |
| 24:26 | Build | House |
| 24:28 | Build | Palisade Wall |
| 24:33 | Build | Lumber Camp |
| 24:34 | Create | Villager (Male) |
| 24:38 | Build | Farm |
| 24:48 | Create | Villager (Male) |
| 24:58 | Create | Villager (Male) |
| 25:04 | Create | Archer |
| 25:04 | Create | Archer |
| 25:33 | Create | Villager (Male) |
| 25:38 | Create | Villager (Male) |
| 25:50 | Create | Villager (Male) |
| 25:52 | Build | Farm |
| 26:10 | Create | Villager (Male) |
| 26:13 | Create | Archer |
| 26:13 | Create | Archer |
| 26:17 | Build | Farm |
| 26:17 | Build | Farm |
| 26:30 | Build | Mill |
| 26:34 | Build | House |
| 27:05 | Create | Villager (Male) |
| 27:08 | Build | Mill |
| 27:10 | Build | Farm |
| 27:11 | Create | Villager (Male) |
| 27:39 | Create | Villager (Male) |
| 27:45 | Build | Lumber Camp |
Build order — Obuk
First 150 of 166 actions detected
| 0:00 | Create | Villager (Male) |
| 0:01 | Create | Villager (Male) |
| 0:01 | Create | Villager (Male) |
| 0:02 | Build | House |
| 0:04 | Build | House |
| 0:17 | Create | Villager (Male) |
| 1:29 | Create | Villager (Male) |
| 1:52 | Build | Lumber Camp |
| 1:57 | Create | Villager (Male) |
| 1:57 | Create | Villager (Male) |
| 2:17 | Create | Villager (Male) |
| 2:46 | Create | Villager (Male) |
| 2:46 | Create | Villager (Male) |
| 3:12 | Create | Villager (Male) |
| 3:12 | Create | Villager (Male) |
| 3:18 | Build | House |
| 3:45 | Create | Villager (Male) |
| 3:45 | Create | Villager (Male) |
| 4:08 | Create | Villager (Male) |
| 4:08 | Create | Villager (Male) |
| 4:26 | Build | Mill |
| 4:37 | Create | Villager (Male) |
| 4:37 | Create | Villager (Male) |
| 4:48 | Create | Villager (Male) |
| 4:49 | Create | Villager (Male) |
| 4:49 | Create | Villager (Male) |
| 6:15 | Create | Villager (Male) |
| 6:31 | Research | Loom |
| 6:32 | Research | Loom |
| 7:09 | Research | Feudal Age |
| 7:09 | Research | Feudal Age |
| 7:44 | Build | Barracks |
| 8:32 | Build | House |
| 9:17 | Create | Villager (Male) |
| 9:19 | Age | Feudal Age |
| 9:22 | Build | Stable |
| 9:26 | Build | House |
| 9:53 | Create | Villager (Male) |
| 9:54 | Create | Villager (Male) |
| 10:16 | Create | Scout Cavalry |
| 10:16 | Create | Scout Cavalry |
| 10:39 | Create | Villager (Male) |
| 10:48 | Build | Mill |
| 10:56 | Create | Scout Cavalry |
| 11:03 | Research | Double-Bit Axe |
| 11:04 | Research | Horse Collar |
| 11:19 | Create | Villager (Male) |
| 11:23 | Build | House |
| 11:29 | Build | Farm |
| 11:30 | Build | Farm |
| 11:32 | Build | Farm |
| 11:37 | Create | Scout Cavalry |
| 11:45 | Create | Villager (Male) |
| 11:49 | Build | Farm |
| 11:51 | Build | Farm |
| 12:06 | Create | Scout Cavalry |
| 12:15 | Create | Scout Cavalry |
| 12:17 | Create | Villager (Male) |
| 12:21 | Build | Farm |
| 12:28 | Create | Villager (Male) |
| 12:29 | Build | Farm |
| 12:50 | Create | Scout Cavalry |
| 13:01 | Create | Villager (Male) |
| 13:03 | Build | Farm |
| 13:09 | Create | Villager (Male) |
| 13:11 | Build | House |
| 13:36 | Create | Scout Cavalry |
| 13:37 | Create | Villager (Male) |
| 13:39 | Build | Farm |
| 13:40 | Build | Farm |
| 13:47 | Build | Farm |
| 13:47 | Build | Farm |
| 13:47 | Build | Farm |
| 13:47 | Build | Farm |
| 14:33 | Create | Scout Cavalry |
| 14:35 | Create | Villager (Male) |
| 14:39 | Build | Farm |
| 14:56 | Create | Scout Cavalry |
| 15:10 | Create | Villager (Male) |
| 15:13 | Build | Farm |
| 15:15 | Build | Farm |
| 15:16 | Build | Farm |
| 15:18 | Build | House |
| 15:19 | Create | Villager (Male) |
| 15:21 | Build | Farm |
| 15:29 | Build | House |
| 15:30 | Build | House |
| 15:41 | Build | House |
| 15:43 | Build | Farm |
| 16:04 | Research | Wheelbarrow |
| 16:04 | Research | Wheelbarrow |
| 16:34 | Create | Villager (Male) |
| 16:41 | Build | Blacksmith |
| 17:26 | Research | Forging |
| 17:26 | Research | Forging |
| 17:27 | Create | Villager (Male) |
| 17:29 | Build | Mining Camp |
| 18:23 | Research | Scale Barding Armor |
| 18:25 | Create | Villager (Male) |
| 18:25 | Create | Villager (Male) |
| 18:30 | Build | Lumber Camp |
| 19:16 | Research | Castle Age |
| 19:17 | Research | Castle Age |
| 19:25 | Create | Scout Cavalry |
| 19:35 | Build | Lumber Camp |
| 19:39 | Research | Gold Mining |
| 19:40 | Research | Gold Mining |
| 19:45 | Build | Stable |
| 20:18 | Research | Bloodlines |
| 21:10 | Build | House |
| 21:56 | Age | Castle Age |
| 21:58 | Create | Knight |
| 21:58 | Create | Knight |
| 22:03 | Research | Chain Barding Armor |
| 22:03 | Research | Chain Barding Armor |
| 22:14 | Create | Villager (Male) |
| 22:15 | Create | Villager (Male) |
| 22:18 | Research | Bow Saw |
| 22:19 | Research | Bow Saw |
| 22:19 | Research | Heavy Plow |
| 22:20 | Research | Heavy Plow |
| 22:51 | Create | Knight |
| 22:51 | Create | Knight |
| 22:54 | Create | Villager (Male) |
| 22:57 | Build | Farm |
| 22:57 | Build | Farm |
| 23:00 | Build | Farm |
| 23:03 | Build | Farm |
| 23:05 | Build | Farm |
| 23:08 | Build | Mining Camp |
| 23:10 | Build | Mining Camp |
| 23:18 | Build | Stable |
| 23:20 | Create | Knight |
| 23:21 | Create | Knight |
| 23:27 | Create | Knight |
| 23:29 | Create | Villager (Male) |
| 23:33 | Build | Farm |
| 23:42 | Build | Farm |
| 23:45 | Create | Knight |
| 23:45 | Create | Knight |
| 24:08 | Create | Knight |
| 24:09 | Create | Knight |
| 24:23 | Build | House |
| 24:24 | Build | House |
| 24:38 | Create | Knight |
| 24:43 | Research | Town Watch |
| 24:43 | Research | Town Watch |
| 25:12 | Create | Knight |
| 25:13 | Create | Knight |
| 25:34 | Create | Villager (Male) |
Build order — Bleys
First 150 of 187 actions detected
| 0:01 | Create | Villager (Male) |
| 0:01 | Create | Villager (Male) |
| 0:01 | Create | Villager (Male) |
| 0:02 | Create | Villager (Male) |
| 0:02 | Build | House |
| 0:04 | Build | House |
| 1:24 | Create | Villager (Male) |
| 1:24 | Create | Villager (Male) |
| 1:58 | Create | Villager (Male) |
| 1:58 | Create | Villager (Male) |
| 2:20 | Create | Villager (Male) |
| 2:20 | Create | Villager (Male) |
| 2:27 | Build | Lumber Camp |
| 2:49 | Create | Villager (Male) |
| 2:49 | Create | Villager (Male) |
| 3:08 | Create | Villager (Male) |
| 3:08 | Create | Villager (Male) |
| 3:31 | Create | Villager (Male) |
| 3:31 | Create | Villager (Male) |
| 3:51 | Build | House |
| 4:05 | Create | Villager (Male) |
| 4:05 | Create | Villager (Male) |
| 4:39 | Build | Mill |
| 4:41 | Create | Villager (Male) |
| 5:23 | Create | Villager (Male) |
| 5:43 | Create | Villager (Male) |
| 5:50 | Research | Loom |
| 6:39 | Create | Villager (Male) |
| 7:02 | Research | Feudal Age |
| 7:25 | Build | Mining Camp |
| 7:46 | Build | House |
| 7:50 | Create | Villager (Male) |
| 7:50 | Create | Villager (Male) |
| 8:02 | Build | House |
| 8:04 | Build | Palisade Wall |
| 8:05 | Build | Palisade Wall |
| 8:06 | Build | Palisade Wall |
| 8:23 | Build | Barracks |
| 8:30 | Build | Palisade Wall |
| 8:43 | Build | Palisade Wall |
| 8:48 | Build | Palisade Wall |
| 9:14 | Age | Feudal Age |
| 9:29 | Build | Archery Range |
| 9:32 | Build | Palisade Wall |
| 9:50 | Create | Villager (Male) |
| 9:58 | Create | Villager (Male) |
| 10:06 | Create | Villager (Male) |
| 10:13 | Create | Archer |
| 10:13 | Create | Archer |
| 10:15 | Build | House |
| 10:18 | Build | Palisade Wall |
| 10:21 | Build | Palisade Wall |
| 10:22 | Build | Palisade Wall |
| 10:40 | Create | Villager (Male) |
| 10:49 | Build | Mill |
| 10:56 | Build | Farm |
| 11:19 | Create | Archer |
| 11:28 | Create | Villager (Male) |
| 11:30 | Research | Double-Bit Axe |
| 11:49 | Build | Farm |
| 11:56 | Build | Farm |
| 11:56 | Create | Villager (Male) |
| 12:08 | Build | House |
| 12:13 | Create | Archer |
| 12:13 | Create | Archer |
| 12:16 | Create | Villager (Male) |
| 12:21 | Build | Farm |
| 12:26 | Create | Archer |
| 12:46 | Build | House |
| 12:48 | Build | Palisade Wall |
| 12:51 | Create | Villager (Male) |
| 13:00 | Create | Villager (Male) |
| 13:06 | Create | Archer |
| 13:19 | Build | Blacksmith |
| 13:37 | Build | Farm |
| 13:38 | Create | Villager (Male) |
| 14:02 | Research | Fletching |
| 14:08 | Build | House |
| 14:10 | Create | Archer |
| 14:10 | Create | Archer |
| 14:19 | Create | Villager (Male) |
| 14:21 | Build | Farm |
| 14:34 | Create | Villager (Male) |
| 14:36 | Build | Farm |
| 15:13 | Create | Archer |
| 15:14 | Create | Villager (Male) |
| 15:16 | Build | Archery Range |
| 15:19 | Create | Villager (Male) |
| 15:21 | Build | Farm |
| 15:25 | Build | House |
| 15:30 | Create | Villager (Male) |
| 15:33 | Build | House |
| 15:40 | Create | Archer |
| 15:50 | Create | Archer |
| 16:16 | Create | Villager (Male) |
| 16:33 | Create | Archer |
| 16:34 | Create | Archer |
| 16:34 | Create | Archer |
| 16:34 | Create | Archer |
| 16:37 | Build | Farm |
| 16:39 | Build | Farm |
| 16:40 | Create | Villager (Male) |
| 16:43 | Build | Farm |
| 16:51 | Build | House |
| 16:58 | Build | Farm |
| 17:03 | Create | Archer |
| 17:03 | Create | Archer |
| 17:34 | Create | Villager (Male) |
| 18:19 | Create | Villager (Male) |
| 18:26 | Create | Archer |
| 18:26 | Create | Archer |
| 18:28 | Build | House |
| 18:29 | Create | Villager (Male) |
| 18:45 | Research | Castle Age |
| 18:45 | Research | Castle Age |
| 18:52 | Create | Archer |
| 18:52 | Create | Archer |
| 18:53 | Research | Gold Mining |
| 18:59 | Build | Lumber Camp |
| 19:10 | Create | Archer |
| 19:21 | Research | Horse Collar |
| 19:38 | Build | House |
| 19:39 | Create | Archer |
| 19:40 | Research | Padded Archer Armor |
| 19:51 | Create | Archer |
| 20:09 | Create | Archer |
| 20:18 | Research | Town Watch |
| 20:21 | Create | Archer |
| 20:48 | Create | Archer |
| 21:18 | Build | House |
| 21:25 | Age | Castle Age |
| 21:27 | Research | Crossbowman (upgrade) |
| 21:28 | Research | Bodkin Arrow |
| 21:36 | Build | Town Center |
| 21:44 | Build | University |
| 22:01 | Research | Leather Archer Armor |
| 22:20 | Create | Archer |
| 22:21 | Create | Archer |
| 22:22 | Create | Villager (Male) |
| 22:23 | Create | Villager (Male) |
| 22:30 | Research | Wheelbarrow |
| 22:37 | Create | Archer |
| 22:37 | Create | Archer |
| 22:39 | Create | Villager (Male) |
| 22:59 | Build | House |
| 23:07 | Create | Archer |
| 23:07 | Create | Archer |
| 23:07 | Create | Archer |
| 23:21 | Create | Villager (Male) |
| 23:35 | Research | Ballistics |
Build order — bilalnizamani001
First 150 of 159 actions detected
| 0:08 | Build | House |
| 0:14 | Research | Loom |
| 0:44 | Build | Lumber Camp |
| 1:00 | Create | Villager (Male) |
| 1:00 | Create | Villager (Male) |
| 1:30 | Create | Villager (Male) |
| 1:30 | Create | Villager (Male) |
| 1:55 | Create | Villager (Male) |
| 1:56 | Create | Villager (Male) |
| 1:56 | Create | Villager (Male) |
| 2:22 | Create | Villager (Male) |
| 2:22 | Create | Villager (Male) |
| 2:47 | Create | Villager (Male) |
| 2:47 | Create | Villager (Male) |
| 3:14 | Create | Villager (Male) |
| 3:14 | Create | Villager (Male) |
| 3:45 | Create | Villager (Male) |
| 3:45 | Create | Villager (Male) |
| 3:49 | Build | Mill |
| 4:11 | Create | Villager (Male) |
| 4:11 | Create | Villager (Male) |
| 4:12 | Create | Villager (Male) |
| 4:30 | Create | Villager (Male) |
| 4:30 | Create | Villager (Male) |
| 5:00 | Create | Villager (Male) |
| 5:00 | Create | Villager (Male) |
| 5:01 | Create | Villager (Male) |
| 5:01 | Create | Villager (Male) |
| 5:22 | Create | Villager (Male) |
| 5:52 | Create | Villager (Male) |
| 5:52 | Create | Villager (Male) |
| 5:52 | Create | Villager (Male) |
| 6:16 | Create | Villager (Male) |
| 6:27 | Build | House |
| 6:49 | Create | Villager (Male) |
| 7:32 | Research | Feudal Age |
| 7:32 | Research | Feudal Age |
| 7:35 | Build | Lumber Camp |
| 8:43 | Build | Barracks |
| 8:53 | Build | House |
| 9:42 | Age | Feudal Age |
| 9:50 | Create | Villager (Male) |
| 9:50 | Create | Villager (Male) |
| 9:56 | Build | Stable |
| 10:01 | Build | Palisade Wall |
| 10:19 | Create | Villager (Male) |
| 10:19 | Create | Villager (Male) |
| 10:28 | Create | Villager (Male) |
| 10:41 | Create | Spearman |
| 10:58 | Create | Villager (Male) |
| 11:23 | Build | House |
| 11:26 | Create | Villager (Male) |
| 11:31 | Create | Scout Cavalry |
| 11:32 | Create | Scout Cavalry |
| 11:52 | Build | Palisade Wall |
| 11:59 | Build | House |
| 12:04 | Build | Farm |
| 12:06 | Build | Farm |
| 12:11 | Build | Farm |
| 12:12 | Build | Farm |
| 12:14 | Build | Farm |
| 12:17 | Build | Farm |
| 12:17 | Create | Villager (Male) |
| 12:19 | Create | Scout Cavalry |
| 12:27 | Create | Villager (Male) |
| 12:31 | Build | House |
| 12:43 | Create | Villager (Male) |
| 12:46 | Create | Spearman |
| 12:49 | Create | Villager (Male) |
| 12:57 | Build | Farm |
| 13:05 | Build | Farm |
| 13:08 | Build | House |
| 13:23 | Create | Scout Cavalry |
| 13:24 | Create | Villager (Male) |
| 13:30 | Build | Farm |
| 13:51 | Create | Scout Cavalry |
| 14:13 | Create | Villager (Male) |
| 14:17 | Build | Farm |
| 14:19 | Build | Farm |
| 14:20 | Build | Farm |
| 14:21 | Build | Farm |
| 14:23 | Create | Scout Cavalry |
| 15:00 | Create | Scout Cavalry |
| 15:00 | Create | Scout Cavalry |
| 15:18 | Create | Spearman |
| 15:21 | Build | House |
| 15:51 | Create | Scout Cavalry |
| 16:03 | Build | Farm |
| 16:04 | Create | Villager (Male) |
| 16:14 | Create | Scout Cavalry |
| 16:31 | Create | Villager (Male) |
| 16:33 | Create | Villager (Male) |
| 16:36 | Build | Farm |
| 16:37 | Build | Farm |
| 16:41 | Build | Farm |
| 16:42 | Build | Farm |
| 17:25 | Create | Scout Cavalry |
| 17:38 | Create | Scout Cavalry |
| 17:40 | Build | Farm |
| 17:40 | Create | Villager (Male) |
| 17:59 | Create | Scout Cavalry |
| 18:09 | Create | Scout Cavalry |
| 18:23 | Create | Scout Cavalry |
| 18:30 | Build | Mining Camp |
| 18:35 | Build | Farm |
| 18:36 | Create | Villager (Male) |
| 18:51 | Build | Market |
| 18:56 | Build | Palisade Wall |
| 18:57 | Build | Palisade Wall |
| 19:13 | Create | Scout Cavalry |
| 19:18 | Create | Villager (Male) |
| 19:24 | Build | Blacksmith |
| 19:37 | Create | Villager (Male) |
| 20:04 | Research | Bloodlines |
| 20:08 | Research | Wheelbarrow |
| 20:20 | Build | Palisade Wall |
| 21:43 | Create | Villager (Male) |
| 21:43 | Create | Villager (Male) |
| 22:35 | Build | House |
| 22:39 | Build | Farm |
| 22:42 | Research | Gold Mining |
| 23:11 | Research | Castle Age |
| 23:11 | Research | Castle Age |
| 23:11 | Research | Castle Age |
| 23:22 | Build | Farm |
| 23:34 | Build | House |
| 23:40 | Research | Double-Bit Axe |
| 23:41 | Research | Horse Collar |
| 23:51 | Build | Palisade Wall |
| 23:52 | Build | Palisade Wall |
| 23:55 | Build | House |
| 24:21 | Research | Scale Barding Armor |
| 24:21 | Research | Scale Barding Armor |
| 24:52 | Research | Forging |
| 24:52 | Research | Forging |
| 25:49 | Build | Farm |
| 25:50 | Build | Farm |
| 25:51 | Age | Castle Age |
| 25:54 | Build | Stable |
| 26:00 | Build | Stable |
| 26:01 | Create | Knight |
| 26:01 | Create | Knight |
| 26:10 | Create | Villager (Male) |
| 26:23 | Build | Town Center |
| 26:23 | Create | Knight |
| 26:24 | Create | Knight |
| 26:25 | Research | Husbandry |
| 26:35 | Build | Farm |
| 26:38 | Build | Farm |
| 26:39 | Build | Farm |
Build order — DS_Tortafuller
First 150 of 206 actions detected
| 0:01 | Create | Villager (Male) |
| 0:01 | Create | Villager (Male) |
| 0:01 | Create | Villager (Male) |
| 0:01 | Create | Villager (Male) |
| 0:02 | Create | Villager (Male) |
| 0:02 | Build | House |
| 0:04 | Build | House |
| 0:19 | Create | Villager (Male) |
| 1:32 | Create | Villager (Male) |
| 1:59 | Build | Lumber Camp |
| 2:04 | Create | Villager (Male) |
| 2:04 | Create | Villager (Male) |
| 2:04 | Create | Villager (Male) |
| 2:23 | Create | Villager (Male) |
| 3:01 | Create | Villager (Male) |
| 3:01 | Create | Villager (Male) |
| 3:18 | Create | Villager (Male) |
| 3:25 | Build | House |
| 3:36 | Create | Villager (Male) |
| 3:51 | Create | Villager (Male) |
| 4:17 | Build | Mill |
| 5:00 | Create | Villager (Male) |
| 5:14 | Create | Villager (Male) |
| 5:27 | Create | Villager (Male) |
| 5:38 | Build | House |
| 6:07 | Create | Villager (Male) |
| 6:21 | Create | Villager (Male) |
| 7:01 | Create | Villager (Male) |
| 7:05 | Research | Feudal Age |
| 7:49 | Build | House |
| 8:20 | Build | Barracks |
| 8:32 | Create | Villager (Male) |
| 8:34 | Research | Loom |
| 8:36 | Create | Villager (Male) |
| 9:16 | Age | Feudal Age |
| 9:21 | Create | Villager (Male) |
| 9:34 | Build | Stable |
| 9:55 | Research | Double-Bit Axe |
| 10:01 | Build | Palisade Wall |
| 10:02 | Build | Palisade Wall |
| 10:34 | Create | Scout Cavalry |
| 10:34 | Create | Scout Cavalry |
| 10:35 | Create | Villager (Male) |
| 10:35 | Create | Villager (Male) |
| 10:38 | Build | Farm |
| 10:40 | Build | House |
| 10:41 | Build | House |
| 10:45 | Create | Villager (Male) |
| 10:52 | Build | Farm |
| 10:54 | Build | Farm |
| 11:03 | Create | Scout Cavalry |
| 11:25 | Create | Villager (Male) |
| 11:34 | Build | Farm |
| 11:35 | Build | Farm |
| 11:40 | Create | Scout Cavalry |
| 11:55 | Build | Palisade Wall |
| 11:56 | Create | Villager (Male) |
| 12:01 | Build | Farm |
| 12:11 | Build | House |
| 12:12 | Build | Palisade Wall |
| 12:15 | Build | Palisade Wall |
| 12:19 | Build | Palisade Wall |
| 12:25 | Create | Scout Cavalry |
| 12:31 | Create | Villager (Male) |
| 12:52 | Create | Scout Cavalry |
| 12:54 | Create | Villager (Male) |
| 13:10 | Build | Farm |
| 13:11 | Build | Farm |
| 13:23 | Build | Farm |
| 13:29 | Build | House |
| 13:32 | Create | Villager (Male) |
| 13:32 | Create | Villager (Male) |
| 13:37 | Build | Farm |
| 13:57 | Create | Villager (Male) |
| 14:00 | Build | House |
| 14:04 | Build | House |
| 14:05 | Build | Palisade Wall |
| 14:07 | Build | Palisade Wall |
| 14:14 | Create | Spearman |
| 14:17 | Build | Palisade Wall |
| 14:19 | Build | Palisade Wall |
| 14:22 | Build | Palisade Wall |
| 14:25 | Build | Palisade Wall |
| 14:26 | Build | Palisade Wall |
| 14:35 | Build | Farm |
| 14:48 | Build | House |
| 14:54 | Build | Palisade Gate |
| 15:06 | Create | Scout Cavalry |
| 15:07 | Create | Villager (Male) |
| 15:08 | Create | Villager (Male) |
| 15:17 | Build | Farm |
| 15:18 | Build | Farm |
| 15:33 | Build | Farm |
| 15:39 | Build | House |
| 15:48 | Create | Villager (Male) |
| 16:05 | Create | Villager (Male) |
| 16:07 | Build | Mining Camp |
| 16:12 | Build | Mining Camp |
| 16:14 | Create | Villager (Male) |
| 16:14 | Create | Scout Cavalry |
| 16:15 | Create | Scout Cavalry |
| 16:16 | Create | Scout Cavalry |
| 16:20 | Create | Villager (Male) |
| 16:34 | Build | Farm |
| 16:36 | Research | Horse Collar |
| 16:50 | Create | Scout Cavalry |
| 16:55 | Create | Villager (Male) |
| 16:59 | Build | Palisade Wall |
| 17:05 | Create | Villager (Male) |
| 17:17 | Create | Scout Cavalry |
| 17:24 | Build | Farm |
| 17:25 | Build | Farm |
| 17:27 | Build | Farm |
| 17:29 | Build | Farm |
| 17:38 | Research | Wheelbarrow |
| 17:51 | Build | Palisade Wall |
| 18:06 | Build | Palisade Wall |
| 18:08 | Build | Palisade Wall |
| 18:11 | Build | House |
| 18:13 | Build | Palisade Wall |
| 18:23 | Build | Palisade Wall |
| 18:24 | Build | Palisade Wall |
| 18:32 | Create | Villager (Male) |
| 18:39 | Create | Scout Cavalry |
| 18:55 | Build | Blacksmith |
| 19:03 | Create | Scout Cavalry |
| 19:04 | Create | Villager (Male) |
| 19:20 | Create | Villager (Male) |
| 19:41 | Build | Farm |
| 19:42 | Build | Farm |
| 19:43 | Research | Scale Barding Armor |
| 19:43 | Research | Forging |
| 19:53 | Build | Farm |
| 19:54 | Create | Scout Cavalry |
| 19:55 | Create | Scout Cavalry |
| 20:06 | Create | Villager (Male) |
| 20:06 | Create | Villager (Male) |
| 20:11 | Research | Bloodlines |
| 20:21 | Research | Gold Mining |
| 20:43 | Create | Villager (Male) |
| 20:44 | Build | Farm |
| 20:49 | Create | Villager (Male) |
| 20:51 | Build | Farm |
| 21:44 | Create | Villager (Male) |
| 21:44 | Create | Villager (Male) |
| 21:51 | Build | Farm |
| 22:04 | Research | Castle Age |
| 22:04 | Research | Castle Age |
| 22:12 | Create | Villager (Male) |
| 22:29 | Build | Stable |
Build order — Ginger lee fondle your meatballs
First 150 of 165 actions detected
| 0:01 | Create | Villager (Male) |
| 0:01 | Create | Villager (Male) |
| 0:02 | Build | House |
| 0:03 | Build | House |
| 0:12 | Create | Villager (Male) |
| 0:17 | Create | Villager (Male) |
| 1:24 | Create | Villager (Male) |
| 1:24 | Create | Villager (Male) |
| 2:00 | Create | Villager (Male) |
| 2:01 | Create | Villager (Male) |
| 2:12 | Create | Villager (Male) |
| 2:12 | Create | Villager (Male) |
| 2:58 | Create | Villager (Male) |
| 2:59 | Create | Villager (Male) |
| 2:59 | Create | Villager (Male) |
| 3:22 | Build | House |
| 3:27 | Create | Villager (Male) |
| 3:28 | Create | Villager (Male) |
| 3:28 | Create | Villager (Male) |
| 3:34 | Create | Villager (Male) |
| 4:06 | Create | Villager (Male) |
| 4:08 | Build | House |
| 4:28 | Create | Villager (Male) |
| 4:51 | Build | Lumber Camp |
| 5:29 | Create | Villager (Male) |
| 5:58 | Create | Villager (Male) |
| 6:24 | Create | Villager (Male) |
| 6:26 | Build | House |
| 6:49 | Create | Villager (Male) |
| 7:04 | Build | Barracks |
| 7:14 | Create | Villager (Male) |
| 7:41 | Build | Mill |
| 7:47 | Research | Feudal Age |
| 7:47 | Research | Feudal Age |
| 7:47 | Research | Feudal Age |
| 8:04 | Build | Mill |
| 8:34 | Create | Militia |
| 8:35 | Create | Militia |
| 9:02 | Create | Militia |
| 9:02 | Create | Militia |
| 9:04 | Research | Loom |
| 9:04 | Research | Loom |
| 9:10 | Build | House |
| 9:14 | Build | House |
| 9:26 | Build | Mining Camp |
| 9:35 | Create | Villager (Male) |
| 9:57 | Age | Feudal Age |
| 9:59 | Build | Archery Range |
| 10:08 | Create | Villager (Male) |
| 10:17 | Create | Spearman |
| 10:42 | Build | Archery Range |
| 11:12 | Create | Villager (Male) |
| 11:25 | Create | Archer |
| 11:30 | Create | Archer |
| 11:33 | Create | Villager (Male) |
| 11:51 | Create | Villager (Male) |
| 11:57 | Create | Archer |
| 12:24 | Create | Villager (Male) |
| 12:26 | Build | Blacksmith |
| 12:28 | Create | Villager (Male) |
| 12:31 | Build | House |
| 12:41 | Create | Villager (Male) |
| 12:50 | Create | Spearman |
| 13:01 | Create | Archer |
| 13:16 | Create | Villager (Male) |
| 13:32 | Create | Archer |
| 13:45 | Create | Archer |
| 13:45 | Create | Archer |
| 13:49 | Build | House |
| 13:50 | Build | Palisade Wall |
| 14:18 | Create | Archer |
| 14:26 | Create | Villager (Male) |
| 14:42 | Build | Farm |
| 14:44 | Research | Fletching |
| 14:44 | Research | Fletching |
| 15:02 | Create | Archer |
| 15:02 | Create | Archer |
| 15:04 | Create | Villager (Male) |
| 15:16 | Build | Farm |
| 15:17 | Build | Farm |
| 15:23 | Create | Archer |
| 15:37 | Build | Farm |
| 15:42 | Create | Archer |
| 15:56 | Build | Lumber Camp |
| 16:07 | Create | Archer |
| 16:24 | Create | Archer |
| 16:24 | Create | Archer |
| 16:59 | Build | House |
| 17:10 | Create | Archer |
| 17:22 | Build | Market |
| 17:25 | Create | Archer |
| 17:26 | Create | Archer |
| 17:42 | Create | Archer |
| 17:43 | Create | Archer |
| 17:53 | Create | Archer |
| 17:53 | Create | Archer |
| 18:46 | Research | Castle Age |
| 18:46 | Research | Castle Age |
| 18:49 | Create | Archer |
| 18:49 | Create | Archer |
| 19:02 | Create | Archer |
| 19:02 | Create | Archer |
| 19:10 | Build | Farm |
| 19:17 | Build | House |
| 19:20 | Build | Farm |
| 19:28 | Create | Archer |
| 19:29 | Create | Archer |
| 19:46 | Build | House |
| 19:48 | Create | Archer |
| 19:52 | Build | Palisade Gate |
| 20:01 | Create | Archer |
| 20:02 | Create | Archer |
| 20:07 | Research | Double-Bit Axe |
| 20:08 | Research | Double-Bit Axe |
| 20:17 | Build | Archery Range |
| 20:20 | Create | Archer |
| 20:38 | Create | Archer |
| 20:59 | Create | Archer |
| 21:00 | Create | Archer |
| 21:13 | Build | House |
| 21:26 | Age | Castle Age |
| 21:29 | Research | Crossbowman (upgrade) |
| 21:49 | Create | Villager (Male) |
| 22:05 | Build | University |
| 22:17 | Create | Archer |
| 22:17 | Create | Archer |
| 22:18 | Create | Archer |
| 22:18 | Create | Archer |
| 22:18 | Create | Archer |
| 22:20 | Create | Villager (Male) |
| 22:20 | Create | Villager (Male) |
| 22:24 | Research | Padded Archer Armor |
| 22:24 | Research | Padded Archer Armor |
| 22:45 | Create | Archer |
| 22:45 | Create | Archer |
| 22:46 | Create | Archer |
| 22:50 | Build | House |
| 22:55 | Build | House |
| 22:56 | Build | House |
| 23:03 | Create | Archer |
| 23:03 | Create | Archer |
| 23:04 | Create | Archer |
| 23:04 | Create | Villager (Male) |
| 23:13 | Build | House |
| 23:31 | Create | Villager (Male) |
| 23:34 | Build | House |
| 23:42 | Create | Archer |
| 23:42 | Create | Archer |
| 23:42 | Create | Archer |
| 23:46 | Create | Villager (Male) |
Match timeline
| 7:04 | BCPrattIV · wall_segment Palisade Wall x1 |
| 7:04 | Ginger lee fondle your meatballs · first_building Barracks |
| 7:06 | BCPrattIV · wall_segment Palisade Wall x1 |
| 7:44 | Obuk · first_building Barracks |
| 8:04 | BCPrattIV · first_building Barracks |
| 8:04 | Ux'LobodeLaNieve · first_building Barracks |
| 8:04 | Bleys · wall_segment Palisade Wall x1 |
| 8:05 | Bleys · wall_segment Palisade Wall x1 |
| 8:06 | Bleys · wall_segment Palisade Wall x1 |
| 8:20 | DS_Tortafuller · first_building Barracks |
| 8:23 | Bleys · first_building Barracks |
| 8:28 | Puma · wall_segment Palisade Wall x1 |
| 8:29 | Puma · wall_segment Palisade Wall x1 |
| 8:30 | Bleys · wall_segment Palisade Wall x8 |
| 8:31 | Puma · wall_segment Palisade Wall x1 |
| 8:36 | Puma · wall_segment Palisade Wall x4 |
| 8:43 | bilalnizamani001 · first_building Barracks |
| 8:43 | Bleys · wall_segment Palisade Wall x2 |
| 8:43 | Puma · first_building Barracks |
| 8:45 | BCPrattIV · age_up feudal |
| 8:48 | Bleys · wall_segment Palisade Wall x8 |
| 8:51 | Ux'LobodeLaNieve · age_up feudal |
| 9:00 | BCPrattIV · first_building Archery Range |
| 9:02 | Ux'LobodeLaNieve · first_building Archery Range |
| 9:03 | Puma · age_up feudal |
| 9:14 | Bleys · age_up feudal |
| 9:16 | DS_Tortafuller · age_up feudal |
| 9:19 | Obuk · age_up feudal |
| 9:22 | Obuk · first_building Stable |
| 9:29 | Bleys · first_building Archery Range |
| 9:32 | Bleys · wall_segment Palisade Wall x4 |
| 9:34 | DS_Tortafuller · first_building Stable |
| 9:37 | Puma · first_building Stable |
| 9:42 | bilalnizamani001 · age_up feudal |
| 9:56 | bilalnizamani001 · first_building Stable |
| 9:57 | Ginger lee fondle your meatballs · age_up feudal |
| 9:59 | Ginger lee fondle your meatballs · first_building Archery Range |
| 10:01 | bilalnizamani001 · wall_segment Palisade Wall x1 |
| 10:01 | DS_Tortafuller · wall_segment Palisade Wall x1 |
| 10:02 | DS_Tortafuller · wall_segment Palisade Wall x1 |
| 10:18 | Bleys · wall_segment Palisade Wall x1 |
| 10:21 | Bleys · wall_segment Palisade Wall x1 |
| 10:22 | Bleys · wall_segment Palisade Wall x1 |
| 11:43 | BCPrattIV · wall_segment Palisade Wall x8 |
| 11:52 | bilalnizamani001 · wall_segment Palisade Wall x6 |
| 11:55 | DS_Tortafuller · wall_segment Palisade Wall x1 |
| 11:55 | Puma · wall_segment Palisade Wall x6 |
| 12:12 | DS_Tortafuller · wall_segment Palisade Wall x5 |
| 12:15 | DS_Tortafuller · wall_segment Palisade Wall x1 |
| 12:19 | DS_Tortafuller · wall_segment Palisade Wall x12 |
| 12:48 | Bleys · wall_segment Palisade Wall x1 |
| 12:58 | Puma · wall_segment Palisade Wall x3 |
| 13:00 | Puma · wall_segment Palisade Wall x5 |
| 13:50 | Ginger lee fondle your meatballs · wall_segment Palisade Wall x6 |
| 14:05 | DS_Tortafuller · wall_segment Palisade Wall x1 |
| 14:07 | DS_Tortafuller · wall_segment Palisade Wall x1 |
| 14:17 | DS_Tortafuller · wall_segment Palisade Wall x1 |
| 14:19 | DS_Tortafuller · wall_segment Palisade Wall x1 |
| 14:22 | DS_Tortafuller · wall_segment Palisade Wall x2 |
| 14:25 | DS_Tortafuller · wall_segment Palisade Wall x1 |
| 14:26 | DS_Tortafuller · wall_segment Palisade Wall x1 |
| 15:23 | Puma · wall_segment Palisade Wall x14 |
| 15:51 | Ux'LobodeLaNieve · wall_segment Palisade Wall x7 |
| 16:59 | DS_Tortafuller · wall_segment Palisade Wall x2 |
| 17:11 | Puma · wall_segment Palisade Wall x1 |
| 17:43 | Puma · wall_segment Palisade Wall x5 |
| 17:51 | DS_Tortafuller · wall_segment Palisade Wall x11 |
| 18:06 | DS_Tortafuller · wall_segment Palisade Wall x1 |
| 18:08 | DS_Tortafuller · wall_segment Palisade Wall x1 |
| 18:13 | DS_Tortafuller · wall_segment Palisade Wall x2 |
| 18:23 | DS_Tortafuller · wall_segment Palisade Wall x8 |
| 18:24 | DS_Tortafuller · wall_segment Palisade Wall x3 |
| 18:27 | Ux'LobodeLaNieve · first_market_buy 100 food |
| 18:34 | Ginger lee fondle your meatballs · first_market_buy 100 wood |
| 18:56 | bilalnizamani001 · wall_segment Palisade Wall x15 |
| 18:57 | bilalnizamani001 · wall_segment Palisade Wall x7 |
| 19:24 | Puma · wall_segment Palisade Wall x1 |
| 20:20 | bilalnizamani001 · wall_segment Palisade Wall x10 |
| 21:11 | Ux'LobodeLaNieve · age_up castle |
| 21:25 | Bleys · age_up castle |
| 21:26 | Ginger lee fondle your meatballs · age_up castle |
| 21:28 | BCPrattIV · wall_segment Palisade Wall x5 |
| 21:56 | Obuk · age_up castle |
| 22:30 | BCPrattIV · wall_segment Palisade Wall x9 |
| 22:35 | BCPrattIV · wall_segment Palisade Wall x3 |
| 22:45 | BCPrattIV · wall_segment Palisade Wall x1 |
| 22:46 | BCPrattIV · wall_segment Palisade Wall x1 |
| 22:48 | BCPrattIV · wall_segment Palisade Wall x5 |
| 22:52 | BCPrattIV · wall_segment Palisade Wall x12 |
| 23:08 | bilalnizamani001 · first_market_sell 100 wood |
| 23:10 | bilalnizamani001 · first_market_buy 100 food |
| 23:25 | Puma · first_market_buy 100 food |
| 23:29 | Puma · first_market_sell 100 wood |
| 23:51 | bilalnizamani001 · wall_segment Palisade Wall x3 |
| 23:52 | bilalnizamani001 · wall_segment Palisade Wall x6 |
| 24:28 | BCPrattIV · wall_segment Palisade Wall x1 |
| 24:51 | DS_Tortafuller · age_up castle |
| 25:07 | DS_Tortafuller · wall_segment Palisade Wall x2 |
| 25:33 | Ginger lee fondle your meatballs · first_market_sell 100 food |
| 25:51 | bilalnizamani001 · age_up castle |
| 26:44 | Puma · age_up castle |
| 27:41 | Ginger lee fondle your meatballs · resign |
[ AI ANALYSIS · 1 CREDIT ]
What really happened in this match?
Wolo.gg analyzes every decision: build order, eco, micro, common mistakes by bracket. Personalized analysis on WhatsApp or Discord in 30 seconds.
Civ guide
Vietnamese
Perfil
Puma